 Dungeon Crawl Stone Soup version 0.28-a0-1235-g7c8fac35f0 (webtiles) character file.

Game seed: 7416252128273962770

4454 ragingrage the Summoner (level 10, -4/37 HPs)
             Began as a Felid Summoner on Dec 25, 2021.
             Was an Initiate of Gozag.
             Slain by an orc warrior (12 damage)
             ... on level 10 of the Dungeon.
             The game lasted 00:27:10 (13992 turns).

ragingrage the Summoner (Felid Summoner)           Turns: 13992, Time: 00:27:10

Health: -4/37      AC:  2    Str:  4    XL:     10   Next: 15%
Magic:  21/28      EV: 18    Int: 22    God:    Gozag
Gold:   425        SH:  0    Dex: 16    Spells: 7/20 levels left
                                        Lives:  0   Deaths: 3

rFire   . . .      SeeInvis +   (weapon unavailable)
rCold   . . .      Faith    .   (shield unavailable)
rNeg    . . .      Spirit   .   (armour unavailable)
rPois   .          Reflect  .   (helmet unavailable)
rElec   .          Harm     .   (cloak unavailable)
rCorr   .          Rampage  .   (gloves unavailable)
Will    ++...                   (boots unavailable)
Stlth   +++.......              y - amulet of magic regeneration
HPRegen 0.12/turn               b - ring of willpower
MPRegen 0.61/turn               D - ring of magical power

@: quick
A: very small, claws 1, fangs 3, see invisible, speed 1, shaggy fur 2, stealthy
paws, no weapons or thrown items, no armour, multi-lived, noise suppression
a: Renounce Religion, Potion Petition, Call Merchant, Bribe Branch


You were on level 10 of the Dungeon.
You worshipped Gozag.
Gozag was aware of your devotion.
You visited 2 branches of the dungeon, and saw 11 of its levels.

You collected 529 gold pieces.
You paid 104 gold pieces to Gozag.

Inventory:

Jewellery
 b - a ring of willpower (left paw)
 y - an amulet of magic regeneration (around neck)
 D - a ring of magical power (right paw)
Wands
 n - a wand of paralysis (2)
 t - a wand of charming (10)
 u - a wand of polymorph (11)
Scrolls
 d - 3 scrolls of immolation {unknown}
 f - 3 scrolls of teleportation {unknown}
 g - 2 scrolls of magic mapping {unknown}
 k - a scroll of blinking {unknown}
 l - 2 scrolls of noise {unknown}
 m - 2 scrolls of amnesia {unknown}
 p - a scroll of enchant armour {unknown}
 r - 2 scrolls of identify
 x - a scroll of torment {unknown}
 z - a scroll of acquirement {unknown}
 A - a scroll of silence {unknown}
 B - a scroll of enchant weapon {unknown}
Potions
 a - 3 potions of haste
 c - 5 potions of magic
 e - 3 potions of lignification
 h - 2 potions of mutation
 i - a potion of berserk rage
 j - a potion of invisibility
 o - 3 potions of cancellation
 s - a potion of degeneration {unknown}
 v - a potion of heal wounds {unknown}
 w - 2 potions of attraction {unknown}
 C - a potion of curing


   Skills:
 - Level 4.0 Dodging
 - Level 4.2 Stealth
 - Level 5.9 Spellcasting
 - Level 5.0 Hexes
 + Level 14.5 Summonings
 - Level 5.0 Air Magic


You had 7 spell levels left.
You knew the following spells:

 Your Spells              Type           Power      Damage    Failure   Level
a - Summon Small Mammal   Summ           100%       N/A       1%          1
b - Call Imp              Summ           63%        N/A       1%          2
c - Call Canine Familiar  Summ           63%        N/A       1%          3
d - Summon Guardian Gole  Hex/Summ       49%        N/A       1%          3
e - Summon Lightning Spi  Summ/Air       49%        N/A       1%          4

Your spell library contained the following spells:

 Spells                   Type           Power      Damage    Failure   Level
 Tukima's Dance           Hex            28%        N/A       3%          3
 Ensorcelled Hibernation  Hex/Ice        34%        N/A       4%          2
 Magic Dart               Conj           24%        1d4       10%         1
 Dazzling Flash           Conj/Hex       34%        N/A       10%         3
 Conjure Flame            Conj/Fire      6%         6-21      28%         3
 Ignite Poison            Fire/Tmut/Pois 6%         N/A       28%         3
 Sticky Flame             Conj/Fire      6%         2d3       67%         4
 Spellforged Servitor     Conj/Summ      19%        N/A       99%         7
 Dispersal                Tloc           3%         N/A       100%        6
 Disjunction              Tloc           3%         N/A       100%        8


Dungeon Overview and Level Annotations

Branches:
Dungeon (10/15)            Temple (1/1) D:5
   Lair: D:8-11         Orc: D:9-12

Altars:
Ashenzari
Cheibriados
Dithmenos
Elyvilon
Fedhas
Gozag
Hepliaklqana
Kikubaaqudgha
Makhleb
Nemelex Xobeh
Okawaru
Qazlal
Ru
Sif Muna
Trog
Uskayaw
Vehumet
Wu Jian
Xom
Yredelemnul
Zin
The Shining One

Shops:
D:7 (

Annotations:
D:2 exclusion: downstairs, Sigmund
D:4 Eustachio


Innate Abilities, Weirdness & Mutations

You have sharp claws.
You have razor-sharp teeth.
You have supernaturally acute eyesight. (SInv)
You cover ground quickly. (Speed+)
You are covered in thick fur. (AC +2)
Your paws help you pounce on unaware monsters.
You are incapable of wielding weapons or throwing items.
You cannot wear armour.
You gain extra lives every three experience levels.
You passively dampen the noise of your surroundings.


Message History

Confirm with . or Enter, or press ? or * to list all spells.
The orc warrior shouts!
You hear a shout!
An orc wizard comes into view. It is wielding a +0 dagger.
Casting: Call Canine Familiar (safe; 1% risk of failure)
Confirm with . or Enter, or press ? or * to list all spells.
An electric hum fills the air.
Unknown command.
An orc priest comes into view. It is wielding a +0 club.
The orc warrior hits your wolf with a +0 war axe!
Your wolf bites the orc warrior.
Your wolf misses the orc warrior.
The orc warrior hits your wolf with a +0 war axe!
The orc wizard hits your wolf with a +0 dagger.
Your wolf dies!
Your wolf's corpse disappears in a puff of smoke!
Casting: Summon Lightning Spire (dangerous; 1% risk of failure)
Confirm with . or Enter, or press ? or * to list all spells.
A guardian golem appears, shielding your allies.
An orc priest comes into view. It is wielding a +0 hand axe.
Your lightning spire shoots out a bolt of lightning at the orc wizard!
The bolt of electricity hits the orc wizard!
Unknown command.
The orc wizard casts a spell.
The orc wizard flickers and vanishes for a moment.
An orc comes into view. It is wielding a +0 hand axe.
The orc priest invokes the aid of Beogh against you.
Beogh smites you!
Casting: Summon Guardian Golem (safe; 1% risk of failure)
Confirm with . or Enter, or press ? or * to list all spells.
You scratch the orc warrior but do no damage.
The orc warrior is lightly wounded.
The orc priest casts a cantrip, but nothing happens.
The orc wizard points at your lightning spire and mumbles some strange words.
The magic dart hits your lightning spire but does no damage.
The orc warrior hits you with a +0 war axe!
* * * LOW HITPOINT WARNING * * *
The orc warrior hits your guardian golem with a +0 war axe!
The orc warrior hits you with a +0 war axe!
You die...
Your body crumbles into a pile of gold.

.. ##
.........
.....$...
###........
##..........
#...........
#..........
#.........
#h@98.....
#..o.o.....
#.$......##.
##...#oo.#
....#.o##
.........
....... ...
##......
....


You could see an orc warrior (ally target), 2 orc priests, an orc wizard
(invisible), an orc, a friendly guardian golem (summoned), a friendly warg
(summoned, sheltered) and a friendly lightning spire (summoned, sheltered).

Vanquished Creatures
  A bullfrog (D:6)
  A hound skeleton (D:4)
  A howler monkey zombie (D:9)
  3 adders
  An ufetubus (D:5)
  An orc (D:5)
  3 ball pythons
  A goblin (D:2)
  A hobgoblin (D:1)
  A jackal (D:3)
  A kobold (D:3)
  A quokka (D:3)
  2 bats (D:3)
  A frilled lizard (D:2)
  A rat (D:3)
20 creatures vanquished.

Vanquished Creatures (collateral kills)
  A hornet (D:8)
  Grinder (D:3)
  2 dream sheep (D:8)
  A wraith (D:9)
  2 yaks (D:8)
  A steam dragon (D:9)
  A hornet zombie (D:5)
  A necrophage (D:5)
  2 orc warriors
  3 ice beasts
  A sky beast (D:7)
  2 ogres
  2 wolves (D:8)
  2 centaurs
  A kobold brigand (D:8)
  2 bullfrogs
  2 scorpions
  A wyvern zombie (D:8)
  A water moccasin zombie (D:6)
  3 killer bees (D:8)
  3 wights (D:6)
  A centaur zombie (D:9)
  A howler monkey (D:6)
  A bullfrog skeleton (D:7)
  A jelly (D:6)
  2 hounds
  3 orc priests
  2 gnoll shamans
  10 orc wizards
  Terence (D:3)
  2 killer bee zombies (D:6)
  A hound skeleton (D:5)
  11 gnolls
  9 adders
  An ufetubus (D:4)
  2 worms
  A dart slug (D:4)
  22 orcs
  4 bats
  6 endoplasms
  A giant cockroach (D:1)
  2 goblins
  5 hobgoblins
  7 jackals
  6 kobolds
  2 quokkas
  2 ball pythons
  A frilled lizard (D:2)
  4 rats
146 creatures vanquished.

Vanquished Creatures (others)
  A hydra (D:8)
  Pikel (D:7)
  2 wyverns (D:9)
  9 yaks (D:8)
  Grum (D:8)
  A water moccasin (D:7)
  A hornet zombie (D:7)
  3 ogres
  A centaur (D:8)
  A lemure (D:7)
  3 kobold brigands (D:8)
  A water moccasin zombie (D:6)
  A wyvern skeleton (D:6)
  A centaur zombie (D:8)
  An orc priest (D:4)
  An iguana (D:6)
  4 gnolls
  4 orcs
  8 plants (D:8)
45 creatures vanquished.

Grand Total: 211 creatures vanquished

Notes
Turn   | Place    | Note
-------+----------+-------------------------------------------
     0 | D:1      | ragingrage the Felid Summoner began the quest for the Orb.
     0 | D:1      | Reached XP level 1. HP: 7/7 MP: 4/4
   667 | D:1      | Reached XP level 2. HP: 11/11 MP: 3/6
   670 | D:1      | Learned a level 2 spell: Call Imp
  1197 | D:1      | Found a faded altar of an unknown god.
  1353 | D:2      | Noticed Sigmund
  1477 | D:2      | Reached XP level 3. HP: 13/14 MP: 4/7
  1498 | D:2      | Learned a level 3 spell: Call Canine Familiar
  1858 | D:2      | Reached XP level 4. HP: 18/18 MP: 5/8
  3107 | D:3      | Noticed Terence
  3132 | D:3      | Noticed Grinder
  3163 | D:3      | Killed Grinder
  3164 | D:3      | Reached skill level 5 in Summonings
  3164 | D:3      | Reached XP level 5. HP: 11/21 MP: 0/11
  3164 | D:3      | Gained mutation: You are covered in thick fur. (AC +2)
                  | [Felid growth]
  3164 | D:3      | Reached XP level 6. HP: 13/24 MP: 0/12
  3501 | D:3      | Killed Terence
  3883 | D:3      | Reached skill level 6 in Summonings
  4114 | D:3      | Learned a level 3 spell: Summon Guardian Golem
  4146 | D:3      | You fall into a shaft and drop 1 floor!
  4172 | D:4      | Found a shadowy altar of Dithmenos.
  4292 | D:4      | Learned a level 4 spell: Summon Lightning Spire
  4352 | D:4      | Reached skill level 1 in Hexes
  4352 | D:4      | Reached XP level 7. HP: 22/27 MP: 8/14
  5090 | D:4      | Noticed Eustachio
  5699 | D:5      | Entered Level 5 of the Dungeon
  5714 | D:5      | Reached skill level 5 in Spellcasting
  5715 | D:5      | Gained mutation: You passively dampen the noise of your
                  | surroundings. [potion of mutation]
  5715 | D:5      | HP: 1/27 [poisoned by a scorpion]
  5717 | D:5      | Succumbed to a scorpion's poison
  5718 | D:5      | Reached XP level 6. HP: 0/36 MP: 9/14
  6054 | D:5      | Reached XP level 7. HP: 23/27 MP: 11/16
  6319 | D:5      | Reached skill level 7 in Summonings
  6329 | D:5      | Reached skill level 5 in Hexes
  6436 | D:5      | Slain by an ice beast
  6437 | D:5      | Reached XP level 6. HP: -1/24 MP: 11/15
  6604 | D:5      | Killed an ice beast
  6789 | D:5      | Found a staircase to the Ecumenical Temple.
  7080 | D:5      | Reached XP level 7. HP: 27/27 MP: 10/16
  7735 | D:6      | Reached skill level 1 in Air Magic
  7995 | D:6      | Reached skill level 8 in Summonings
  8429 | D:6      | Reached XP level 8. HP: 31/31 MP: 17/17
  8768 | D:7      | Noticed Pikel
  8825 | D:7      | Killed Pikel
  8826 | D:7      | Reached skill level 9 in Summonings
  8868 | D:7      | Found Juwifrec's Weapon Shop.
  9151 | D:7      | Reached skill level 5 in Air Magic
  9174 | D:7      | Reached XP level 9. HP: 25/34 MP: 12/18
  9338 | D:7      | Reached skill level 10 in Summonings
  9361 | D:7      | Got the Compendium of Confrontation
 10055 | D:8      | Reached skill level 11 in Summonings
 10312 | D:8      | Noticed Grum
 10328 | D:8      | Killed Grum
 10625 | D:8      | Reached skill level 12 in Summonings
 10635 | D:8      | Reached XP level 10. HP: 37/37 MP: 17/19
 10640 | D:8      | Found a broken altar of Ashenzari.
 10640 | D:8      | Found a shimmering blue altar of Sif Muna.
 10640 | D:8      | Found a sparkling altar of Nemelex Xobeh.
 10918 | D:8      | Reached skill level 13 in Summonings
 11819 | D:8      | Noticed a two-headed hydra
 11835 | D:8      | Slain by a two-headed hydra
 11836 | D:8      | Reached XP level 9. HP: 0/34 MP: 18/18
 12186 | D:8      | Killed a two-headed hydra
 12187 | D:8      | Reached skill level 14 in Summonings
 12247 | D:8      | Noticed a kobold demonologist
 12308 | Temple   | Entered the Ecumenical Temple
 12450 | Temple   | Became a worshipper of Gozag Ym Sagoz the Greedy
 12717 | D:9      | Found a glowing silver altar of Zin.
 12717 | D:9      | Found a hide-covered altar of Uskayaw.
 13216 | D:9      | Reached XP level 10. HP: 29/37 MP: 19/19
 13965 | D:10     | Entered Level 10 of the Dungeon
 13965 | D:10     | Noticed a two-headed ogre
 13992 | D:10     | Slain by an orc warrior

Illustrated notes

Levels and vault maps discovered:
D:1:      eino_arrival_druids_welcome, layout_loops_cross,
          hellmonk_ecumenical_altar_inner_sanctum, serial_park_tiny_1,
          feat_on_display
D:2:      layout_basic, uniq_sigmund
D:3:      layout_rooms, minmay_quantized, uniq_terence, uniq_grinder
D:4:      layout_basic, nicolae_overflow_hidden_temple, uniq_eustachio
D:5:      layout_layer_cave, minmay_temple_entry_mini_moons,
          amcnicky_mini_rare_corridor_liquid
D:6:      layout_cave_pools
D:7:      layout_rooms, serial_shops, nicolae_square_shop, uniq_pikel
D:8:      layout_rooms, gammafunk_temple_overflow_forgotten, serial_curves,
          eino_curves_01, eino_curves_01, kennysheep_donut, hangedman_ranch,
          uniq_grum
D:9:      layout_gridville, chequers_temple_overflow_statue_of_worship
D:10:     layout_cave_pools, orc_0_dummy, enter_bailey_2
Temple:   nicolae_temple_elliptical

Skill      XL: |  1  2  3  4  5  6  7  8  9 10 |
---------------+-------------------------------+-----
Stealth        | 3 4 |  4.2
Dodging        | 3 4 |  4.0
Spellcasting   | 3 4 5 |  5.9
Summonings     | 5 6 8 9 14 13 | 14.5
Hexes          | 4 5 |  5.0
Air Magic      | 3 5 |  5.0

Action                   |  1- 3 |  4- 6 |  7- 9 | 10-12 || total
-------------------------+-------+-------+-------+-------++-------
Melee: Unarmed           |    12 |    57 |   112 |     6 ||   187
       Bite              |     1 |     6 |    10 |       ||    17
 Cast: Summon Small Mamm |    25 |    18 |    22 |       ||    65
       Call Imp          |     9 |    18 |    21 |       ||    48
       Call Canine Famil |       |    17 |    43 |    14 ||    74
       Summon Guardian G |       |     5 |    35 |    13 ||    53
       Summon Lightning  |       |       |       |     2 ||     2
  Use: Potion            |       |       |     5 |     2 ||     7
       Scroll            |       |       |     3 |       ||     3
 Stab: Distracted        |       |     1 |     1 |       ||     2
       Sleeping          |       |       |     1 |       ||     1
Armor: Skin              |     4 |    11 |    12 |       ||    27
Dodge: Dodged            |    34 |    88 |   185 |    17 ||   324

Table legend: (Time is in decaauts)
 A = Elapsed time spent in this place.
 B = Non-inter-level travel time spent in this place.
 C = Inter-level travel time spent in this place.
 D = Time resting spent in this place.
 E = Time spent auto-exploring this place.
 F = Levels seen in this place.
 G = Mean time per level.
                   A        B        C        D        E       F      G
               +--------+--------+--------+--------+--------+-----+--------+
         Total |  12718 |  12463 |    255 |   3910 |   5536 |  11 | 1156.2 |
       Dungeon |  12589 |  12355 |    234 |   3910 |   5442 |  10 | 1258.9 |
        Temple |    129 |    109 |     20 |      0 |     94 |   1 |  129.0 |
               +--------+--------+--------+--------+--------+-----+--------+

Top non-repeatable levels by time:
     D:8: 2136 daAuts
     D:5: 1762 daAuts
     D:2: 1655 daAuts
     D:3: 1349 daAuts
     D:9: 1308 daAuts
     D:7: 1267 daAuts
     D:1: 1200 daAuts
     D:4: 992 daAuts
     D:6: 901 daAuts
  Temple: 129 daAuts
    D:10: 17 daAuts
